 Dungeon Crawl Stone Soup version 0.21-a0-278-ga722497 (webtiles) character file.

11 tilp the Firebug (level 2, 0/20 HPs)
             Began as a Hill Orc Fire Elementalist on Sept 22, 2017.
             Slain by a jackal (1 damage)
             ... on level 1 of the Dungeon.
             The game lasted 00:02:37 (622 turns).

tilp the Firebug (Hill Orc Fire Elementalist)        Turns: 622, Time: 00:02:38

Health: 0/20       AC:  2    Str: 10    XL:     2   Next: 25%
Magic:  0/4        EV: 12    Int: 15    God:
Gold:   37         SH:  0    Dex: 11    Spells: 1/4 levels left

rFire    . . .     SeeInvis .   a - +1 dagger
rCold    . . .     Gourm    .   (no shield)
rNeg     . . .     Faith    .   g - +0 robe
rPois    .         Spirit   .   (no helmet)
rElec    .         Reflect  .   (no cloak)
rCorr    .         Harm     .   (no gloves)
MR       .....                  (no boots)
Stlth    ++........             (no amulet)
HPRegen  0.06/turn              (no ring)
MPRegen  0.09/turn              (no ring)

@: no status effects
A: no striking features
a: no special abilities


You were on level 1 of the Dungeon.
You were not hungry.

You visited 1 branch of the dungeon, and saw 1 of its levels.

You collected 37 gold pieces.

Inventory:

Hand Weapons
 a - a +1 dagger (weapon)
Missiles
 h - 4 tomahawks (quivered)
Armour
 g - a +0 robe (worn)
Scrolls
 i - a scroll of remove curse {unknown}
Potions
 f - a potion of berserk rage {unknown}
 j - a potion of heal wounds {unknown}
Books
 b - a book of Flames

   Spells                             Type                      Level
   a - Flame Tongue                   Conjuration/Fire             1
   b - Throw Flame                    Conjuration/Fire             2
   c - Conjure Flame                  Conjuration/Fire             3
   d - Inner Flame                    Hexes/Fire                   3
   e - Sticky Flame                   Conjuration/Fire             4
   f - Fireball                       Conjuration/Fire             5
Comestibles
 c - 2 bread rations
 d - a chunk of flesh
 k - a meat ration


   Skills:
 - Level 1.5 Dodging
 - Level 1.5 Stealth
 + Level 1.6 Spellcasting
 * Level 1.8 Conjurations
 + Level 3.5 Fire Magic


You had one spell level left.
You knew the following spells:

 Your Spells              Type           Power        Failure   Level  Hunger
a - Flame Tongue          Conj/Fire      #....        8%          1    ##.....
b - Throw Flame           Conj/Fire      #.....       12%         2    ###....


Dungeon Overview and Level Annotations

Branches:
Dungeon (1/15)

Altars:


Message History

Aiming: Flame Tongue
Press: ? - help, Shift-Dir - straight line, f - jackal
Aim: a jackal The flame tongue hits the jackal.
The jackal is almost dead.
The jackal barks!
Your magical contamination has completely faded away.
The jackal barely misses you.
There is a staircase leading out of the dungeon here.
You hit the jackal.
You kill the jackal!
The jackal bites you but does no damage.
The jackal bites you.
* * * LOW HITPOINT WARNING * * *
The jackal barely misses you.
As you read the scroll labeled AROPLE KUIRGH, it crumbles to dust.
It is a scroll of enchant weapon.
Your +0 dagger glows red for a moment.
The jackal closely misses you. The jackal barely misses you.
The jackal bites you.
You die...

####.###.##.#...##.#########
#.# #...........#
######.######.#...####
#.............#..##
#.#####......##.## #.#
#..####..#.# #.# #.##
##.#.## #.####.# #.#..###
##..§...## ##@.....##
#..§§≈≈..####hh≈≈≈≈..##
#.≈§≈≈§≈.....g≈≈≈≈≈≈..##
#.≈§≈≈§§..><..≈≈≈≈≈≈....
#.≈§≈≈≈≈......≈≈≈≈≈≈..#.
#..§≈§≈...##...≈≈≈≈.....
#.........###.......##
#....#............#.#
#####...######.$....#


You could see 2 jackals and a hobgoblin.

Vanquished Creatures
  3 bats (D:1)
  A giant cockroach (D:1)
  2 hobgoblins (D:1)
  A jackal (D:1)
  A frilled lizard (D:1)
  A rat (D:1)
9 creatures vanquished.

Notes
Turn   | Place    | Note
-------+----------+-------------------------------------------
     0 | D:1      | tilp the Hill Orc Fire Elementalist began the quest for the Orb.
     0 | D:1      | Reached XP level 1. HP: 14/14 MP: 3/3
   256 | D:1      | Reached XP level 2. HP: 20/20 MP: 1/4
   264 | D:1      | Learned a level 2 spell: Throw Flame
   606 | D:1      | HP: 1/20 [hobgoblin/club (5)]
   619 | D:1      | HP: 1/20 [jackal (1)]
   622 | D:1      | Slain by a jackal

Vault maps used:
D:1:      dpeg_arrival_pits, minmay_misc_feat_ornament

Action                   || total
-------------------------++-------
Melee: Dagger            ||    19
 Cast: Flame Tongue      ||    17
  Use: Scroll            ||     1
 Stab: Sleeping          ||     1
Armor: Robe              ||     4
Dodge: Dodged            ||    23

Table legend:
 A = Spawn XP
 B = Non-spawn XP
 C = Spawn XP percentage of total XP
 D = Spawn monster count
 E = Non-spawn monster count
 F = Spawn count percentage of total count
 G = Total turns spent on level
                    A         B        C        D         E        F      G
               +---------+---------+-------+---------+---------+-------+---------
         Total |       0 |      16 |   0.0 |       0 |       9 |   0.0 |   622
               +---------+---------+-------+---------+---------+-------+---------
           D:1 |       0 |      16 |   0.0 |       0 |       9 |   0.0 |   622
               +---------+---------+-------+---------+---------+-------+---------
